 Dungeon Crawl Stone Soup version 0.21-a0-529-g8c7b3f5 (webtiles) character file.

242 slep the Chopper (level 6, 0/47 HPs)
             Began as a Barachi Gladiator on Dec 10, 2017.
             Succumbed to Crazy Yiuf's poison
             ... on level 4 of the Dungeon.
             The game lasted 00:06:45 (1718 turns).

slep the Chopper (Barachi Gladiator)                Turns: 1718, Time: 00:06:46

Health: 0/47       AC:  8    Str: 16    XL:     6   Next: 9%
Magic:  6/6        EV: 14    Int:  8    God:
Gold:   155        SH:  0    Dex: 15    Spells: 5/5 levels left

rFire    . . .     SeeInvis .   a - +0 war axe
rCold    . . .     Gourm    .   (no shield)
rNeg     . . .     Faith    .   b - +0 leather armour
rPois    .         Spirit   .   c - +0 helmet
rElec    .         Reflect  .   (no cloak)
rCorr    .         Harm     .   l - +0 pair of gloves
MR       +....                  (no boots)
Stlth    +.........             (no amulet)
HPRegen  0.15/turn              j - +3 ring of protection
MPRegen  0.10/turn              o - ring of protection from magic

@: lethally poisoned (0 -> -12), slow
A: +LOS, swims, slowness 1, strong legs 1
a: Hop


You were on level 4 of the Dungeon.
You were not hungry.

You visited 1 branch of the dungeon, and saw 4 of its levels.

You collected 155 gold pieces.

Inventory:

Hand Weapons
 a - a +0 war axe (weapon)
Missiles
 d - 3 throwing nets (quivered)
Armour
 b - a +0 leather armour (worn)
 c - a +0 helmet (worn)
 l - a +0 pair of gloves (worn)
Jewellery
 j - a +3 ring of protection (left hand)
 n - an uncursed ring of resist corrosion
 o - a ring of protection from magic (right hand)
 w - an uncursed ring of fire {unknown}
Scrolls
 e - 2 scrolls of blinking {unknown}
 g - 2 scrolls of teleportation {unknown}
 h - a scroll of enchant weapon {unknown}
 i - a scroll of fear {unknown}
 k - a scroll of amnesia {unknown}
 q - a scroll of remove curse {unknown}
 u - a scroll of identify {unknown}
Potions
 m - a potion of agility
 p - 2 potions of lignification {unknown}
 r - a potion of cancellation {unknown}
 s - 2 potions of mutation {unknown}
 v - a potion of haste {unknown}
 x - a potion of degeneration {unknown}
 z - a potion of heal wounds {unknown}
Comestibles
 f - 2 bread rations
 t - a meat ration
 A - a chunk of flesh


   Skills:
 + Level 3.4 Fighting
 + Level 5.6 Axes
 + Level 2.2 Throwing
 + Level 1.6 Armour
 + Level 4.6 Dodging


You had 5 spell levels left.
You didn't know any spells.

Dungeon Overview and Level Annotations

Branches:
Dungeon (4/15)
 Temple: D:4-7

Altars:
Hepliaklqana
Makhleb
Sif Muna

Annotations:
D:4 1 runed door


Innate Abilities, Weirdness & Mutations

Shadows flee at your approach. (+LOS)
You can swim through water.
You cover ground slowly.
You can hop short distances.


Message History

You are lethally poisoned!
You closely miss Crazy Yiuf.
Crazy Yiuf is heavily wounded.
* * * LOW HITPOINT WARNING * * *
You feel sick. Crazy Yiuf misses you.
You miss Crazy Yiuf.
Crazy Yiuf is heavily wounded.
* * * LOW HITPOINT WARNING * * *
You feel sick. Crazy Yiuf hits you but does no damage.
You slash Crazy Yiuf!
Crazy Yiuf is almost dead.
* * * LOW HITPOINT WARNING * * *
You feel sick. Crazy Yiuf closely misses you.
You hit Crazy Yiuf.
You kill Crazy Yiuf!
You have reached level 6!
Your experience leads to an increase in your attributes!
Increase (S)trength, (I)ntelligence, or (D)exterity?
You feel stronger.
You die...

#####
#@..#
#)..+
#...#
#####


There were no monsters in sight!

Vanquished Creatures
  Crazy Yiuf (D:4)
  A hound (D:2)
  An orc wizard (D:3)
  Terence (D:3)
  5 adders
  An ooze (D:3)
  3 worms (D:2)
  3 dart slugs
  2 leopard geckos
  3 orcs
  2 giant cockroaches
  8 goblins
  5 hobgoblins
  A jackal (D:1)
  A ball python zombie (D:2)
  10 bats
  5 frilled lizards
  9 kobolds
  10 rats
72 creatures vanquished.

Notes
Turn   | Place    | Note
-------+----------+-------------------------------------------
     0 | D:1      | slep the Barachi Gladiator began the quest for the Orb.
     0 | D:1      | Reached XP level 1. HP: 17/17 MP: 1/1
    52 | D:1      | Reached XP level 2. HP: 17/23 MP: 2/2
   203 | D:1      | Reached XP level 3. HP: 20/28 MP: 3/3
   435 | D:2      | Reached skill level 4 in Axes
   619 | D:2      | Found a burning altar of Makhleb.
   627 | D:2      | Reached skill level 1 in Armour
   627 | D:2      | Reached XP level 4. HP: 30/34 MP: 4/4
   996 | D:2      | Reached XP level 5. HP: 41/41 MP: 5/5
  1217 | D:3      | Reached skill level 5 in Axes
  1283 | D:3      | Found a hazy altar of Hepliaklqana.
  1358 | D:3      | Noticed Terence
  1368 | D:3      | Killed Terence
  1702 | D:3      | Found a deep blue altar of Sif Muna.
  1710 | D:4      | Found a runed door.
  1710 | D:4      | Noticed Crazy Yiuf
  1716 | D:4      | HP: 2/41 [poisoned by Crazy Yiuf]
  1718 | D:4      | Killed Crazy Yiuf
  1718 | D:4      | Reached XP level 6. HP: 2/47 MP: 6/6
  1718 | D:4      | Succumbed to Crazy Yiuf's poison

Vault maps used:
D:1:      dpeg_arrival_shrine, minmay_hexomino_u4
D:2:      makhleb_heckhound_becter
D:3:      tgw_sif, lemuel_doored_altar, uniq_terence
D:4:      nicolae_qazlal_style_of_elements, first_bread, uniq_sigmund,
          uniq_crazy_yiuf_cottage, uniq_robin

Skill      XL: |  1  2  3  4  5 |
---------------+----------------+-----
Axes           | 4 5 |  5.6
Armour         | 1 |  1.6
Dodging        | 4 |  4.6
Fighting       | 3 |  3.4
Throwing       | |  2.2

Action                   |  1- 3 |  4- 6 || total
-------------------------+-------+-------++-------
Melee: War axe           |    87 |   129 ||   216
  Eat: Chunk             |       |     4 ||     4
Armor: Leather armour    |    52 |    55 ||   107
Dodge: Dodged            |    72 |   130 ||   202

Table legend:
 A = Spawn XP
 B = Non-spawn XP
 C = Spawn XP percentage of total XP
 D = Spawn monster count
 E = Non-spawn monster count
 F = Spawn count percentage of total count
 G = Total turns spent on level
                    A         B        C        D         E        F      G
               +---------+---------+-------+---------+---------+-------+---------
         Total |       0 |     347 |   0.0 |       0 |      72 |   0.0 |  1718
               +---------+---------+-------+---------+---------+-------+---------
           D:1 |       0 |      42 |   0.0 |       0 |      28 |   0.0 |   409
           D:2 |       0 |     124 |   0.0 |       0 |      23 |   0.0 |   749
           D:3 |       0 |     139 |   0.0 |       0 |      20 |   0.0 |   552
           D:4 |       0 |      42 |   0.0 |       0 |       1 |   0.0 |     8
               +---------+---------+-------+---------+---------+-------+---------
